 Dungeon Crawl Stone Soup version 0.31-a0-221-gbddc013574 (webtiles) character file.

Game seed: 7485510292950726982

2550 qw the Skirmisher (level 9, -2/79 HPs)
             Began as a Minotaur Hexslinger on July 4, 2023.
             Was a Believer of Okawaru.
             Engulfed by a steam dragon's steam (7 damage)
             ... on level 8 of the Dungeon.
             The game lasted 00:02:35 (6371 turns).

qw the Skirmisher (Minotaur Hexslinger)             Turns: 6371, Time: 00:02:35

Health: -2/79      AC:  8    Str: 23    XL:     9   Next: 30%
Magic:  9/11       EV: 22    Int:  8    God:    Okawaru [**....]
Gold:   129        SH:  0    Dex: 16    Spells: 9/10 levels left

rFire   . . .        e - +0 shortbow (freeze)
rCold   . . .        (shield currently unavailable)
rNeg    + . .        p - +2 leather armour of Fuheen {rN+}
rPois   .            (helmet unavailable)
rElec   .            (no cloak)
rCorr   .            j - +0 pair of gloves {Str+3}
SInv    .            c - +0 pair of boots
Will    .....        (no amulet)
Stlth   +++          k - +5 ring of evasion
HPRegen 0.33/turn    r - +6 ring of strength
MPRegen 0.12/turn

%: no passive effects
@: heroic
A: horns 3, retaliatory headbutt, talons 1, dopey 1
a: Renounce Religion, Heroism


You were on level 8 of the Dungeon.
You worshipped Okawaru.
Okawaru was pleased with you.
You visited 2 branches of the dungeon, and saw 9 of its levels.
You also visited: Sewer.

You collected 374 gold pieces.
You spent 245 gold pieces at shops.


Innate Abilities, Weirdness & Mutations

You have a pair of large horns on your head.
You reflexively headbutt those who attack you in melee.
You have sharp toenails.
You are dopey. (Int -2)


   Skills:
 - Level 7.2(12.2) Fighting
 + Level 10.2(15.2) Ranged Weapons
 - Level 2.7(7.7) Armour
 - Level 4.3(9.3) Dodging
 - Level 1.0 Spellcasting
 - Level 2.0 Hexes
 - Level 4.5 Invocations


You had 9 spell levels left.
You knew the following spells:

 Your Spells              Type           Power      Damage    Failure   Level
a - Slow                  Hex            12%        N/A       19%         1

Your spell library contained the following spells:

 Spells                   Type           Power      Damage    Failure   Level
 Inner Flame              Hex/Fire       2%         N/A       65%         3
 Portal Projectile        Hex/Tloc       4%         N/A       65%         3
 Cause Fear               Hex            1%         N/A       88%         4

Inventory:

Hand Weapons
 e - a +0 shortbow of freezing (weapon)
Armour
 c - a +0 pair of boots (worn)
 j - a +0 pair of gloves of strength (worn)
 p - the +2 leather armour of Fuheen (worn) {rN+}
   (You found it on level 6 of the Dungeon)

   rN:        It protects you from negative energy.
Jewellery
 k - a +5 ring of evasion (left hand)
 r - a +6 ring of strength (right hand)
Scrolls
 a - a scroll of identify
Potions
 b - 2 potions of enlightenment
 d - 2 potions of mutation
 f - 2 potions of haste
 g - a potion of ambrosia {unknown}
 h - a potion of resistance
 i - a potion of degeneration {unknown}
 l - 2 potions of might
 m - a potion of invisibility {unknown}
 o - a potion of curing
 q - a potion of lignification {unknown}

Dungeon Overview and Level Annotations

Branches:
Dungeon (8/15)             Temple (1/1) D:4            Lair (0/5) D:8
  Sewer (visited)

Altars:
Ashenzari
Cheibriados
Dithmenos
Elyvilon
Fedhas
Gozag
Hepliaklqana
Kikubaaqudgha
Makhleb
Nemelex Xobeh
Okawaru
Qazlal
Ru
Sif Muna
Trog
Vehumet
Xom
Yredelemnul
Zin
The Shining One

Shops:
D:4 *   D:6 [

Annotations:
D:5 1 runed translucent door, Crazy Yiuf
D:6 2 transporters, qw's ghost, novice NaHu
D:7 1 runed translucent door, qw's ghost, novice DEHu


Message History

You shoot an arrow.
The arrow barely misses the centaur warrior.
The centaur warrior shoots an arrow.
The arrow misses you.
The centaur warrior shoots an arrow.
The arrow hits you!!
6364 ||| INVOKING Heroism.
You gain the combat prowess of a mighty hero.
You shoot an arrow.
The arrow barely misses the centaur warrior.
A steam dragon comes into view.
You shoot an arrow.
The arrow hits the centaur warrior but does no damage.
The centaur warrior is lightly wounded.
The centaur warrior shoots an arrow.
The arrow hits you!
You shoot an arrow. The arrow hits the centaur warrior!
The arrow freezes the centaur warrior.
The centaur warrior is moderately wounded.
The centaur warrior unwields a +0 orcbow.
The centaur warrior barely misses you.
The centaur warrior kicks you but does no damage.
You shoot an arrow. The arrow hits the centaur warrior!
The arrow freezes the centaur warrior.
The centaur warrior is heavily wounded.
You shoot an arrow. The arrow hits the centaur warrior!
The arrow freezes the centaur warrior.
The centaur warrior is severely wounded.
The centaur warrior completely misses you.
The centaur warrior kicks you but does no damage.
You shoot an arrow.
The arrow hits the centaur warrior but does no damage.
The centaur warrior is severely wounded.
The centaur warrior hits you! The centaur warrior closely misses you.
The steam dragon breathes steam at you. The ball of steam hits you!!
The centaur warrior barely misses you.
The centaur warrior kicks you but does no damage.
You hear a shout! x3
You shoot an arrow. The arrow hits the centaur warrior!
The arrow freezes the centaur warrior.
The centaur warrior is almost dead.
You are engulfed in a cloud of scalding steam.
You die...

..... .. ..... .. .
...... #... ......
###.#.##
......##...#..#
..............## ..
.......¤.......# ...
#..D¤¤@¤¤...# .
..F###.##..c<...## ..
....... #...%...###...
....... ###........#
.......####........#
......F%....##..##....
....##.#.............
. #####......>....
#........)..


You could see a centaur warrior.

Vanquished Creatures
  Pikel (D:5)
  2 kobold demonologists (D:6)
  A steam dragon (D:8)
  3 sky beasts
  2 ogres
  2 phantoms (D:4)
  A centaur (D:7)
  A lemure (D:5)
  2 kobold brigands
  A bullfrog (D:8)
  A scorpion (D:6)
  2 jellies
  2 orc priests (D:4)
  2 hounds
  3 orc wizards
  3 iguanas
  8 adders
  2 river rats (Sewer)
  A white imp (D:5)
  2 ufetubi
  A worm (D:2)
  A dart slug (D:1)
  15 orcs
  10 ball pythons
  6 endoplasms
  4 giant cockroaches
  6 goblins
  7 hobgoblins
  2 quokkas
  5 bats
  13 frilled lizards
  11 kobolds
  14 rats
137 creatures vanquished.

Notes
Turn   | Place    | Note
-------+----------+-------------------------------------------
     0 | D:1      | qw the Minotaur Hexslinger began the quest for the Orb.
     0 | D:1      | Reached XP level 1. HP: 16/16 MP: 1/1
     0 | D:1      | 0 ||| qw: Version: 0.3-a-41-g9d075ac
     0 | D:1      | 0 ||| qw: Game counter: 770
     0 | D:1      | 0 ||| qw: Melee chars always use a shield: true
     0 | D:1      | 0 ||| qw: God list: Okawaru
     0 | D:1      | 0 ||| qw: Allow faded altars: false
     0 | D:1      | 0 ||| qw: Do Orc after clearing Dungeon:15 true
     0 | D:1      | 0 ||| qw: Do second Lair branch before Depths: true
     0 | D:1      | 0 ||| qw: Lair rune preference: random
     0 | D:1      | 0 ||| qw: Goals: Normal
     0 | D:1      | 0 ||| PLANNING D:1-11
    26 | D:1      | 26 ||| FLEEEEING.
   100 | D:1      | Reached skill level 3 in Ranged Weapons
   102 | D:1      | Reached XP level 2. HP: 23/23 MP: 2/2
   214 | D:1      | Found a faded altar of an unknown god.
   615 | D:1      | 615 ||| UPGRADING to +0 leather armour.
   625 | D:1      | 625 ||| DROPPING +0 robe.
   626 | D:1      | 626 ||| READING scroll labelled WACISI MINIEPI.
   627 | D:1      | 627 ||| READING scroll labelled ZIWAOC RAESH.
   630 | D:1      | 630 ||| DROPPING scroll of poison.
   723 | D:2      | Reached XP level 3. HP: 29/29 MP: 3/3
  1093 | D:2      | 1093 ||| DROPPING ring of magical power.
  1094 | D:2      | 1094 ||| READING scroll labelled EPAFEA YCUF.
  1408 | D:3      | Reached skill level 4 in Ranged Weapons
  1411 | D:3      | Found a glowing silver altar of Zin.
  1599 | D:3      | 1599 ||| UPGRADING to +0 pair of boots.
  1604 | D:3      | 1604 ||| UPGRADING to +0 pair of gloves of strength.
  1609 | D:3      | 1609 ||| READING scroll labelled QUSUALOA NUAP.
  1610 | D:3      | 1610 ||| READING scroll labelled VEINWEURIDD.
  1611 | D:3      | 1611 ||| READING scroll labelled HAIVEIR MOAS.
  1612 | D:3      | 1612 ||| READING 2 scrolls of identify.
  1612 | D:3      | 1612 ||| IDENTIFYING clear potion
  1659 | D:4      | Noticed a phantom
  1680 | D:4      | Killed a phantom
  1681 | D:4      | Reached skill level 5 in Ranged Weapons
  1681 | D:4      | Reached XP level 4. HP: 21/36 MP: 4/4
  1752 | D:4      | 1752 ||| SWAPPING to +1 sling of freezing.
  1753 | D:4      | 1753 ||| DROPPING +2 sling.
  1787 | D:4      | Reached XP level 5. HP: 39/41 MP: 5/5
  1858 | D:4      | Found a staircase to the Ecumenical Temple.
  1859 | D:4      | 1859 ||| PLANNING TEMPLE
  1873 | Temple   | Entered the Ecumenical Temple
  1885 | Temple   | 1885 ||| PLANNING OKAWARU WORSHIP
  2051 | Temple   | Became a worshipper of Warmaster Okawaru
  2052 | Temple   | 2052 ||| PLANNING D:1-11
  2174 | D:4      | Noticed a phantom
  2200 | D:4      | Killed a phantom
  2201 | D:4      | Reached skill level 3 in Fighting
  2207 | D:4      | Reached skill level 1 in Armour
  2208 | D:4      | Reached XP level 6. HP: 14/52 MP: 6/6
  2209 | D:4      | HP: 1/52 [orc priest/nerve-wracking pain (13)]
  2210 | D:4      | 2210 ||| DRINKING potion of heal wounds.
  2381 | D:4      | Reached skill level 6 in Ranged Weapons
  2787 | D:4      | 2787 ||| READING scroll of enchant weapon.
  2787 | D:4      | 2787 ||| ENCHANTING +1 sling of freezing.
  2804 | D:4      | Found Fiwniog's Assorted Antiques.
  2814 | D:4      | 2814 ||| BUYING murky clear potion (21 gold).
  2814 | D:4      | Bought a murky clear potion for 21 gold pieces
  2814 | D:4      | 2814 ||| BUYING runed silver ring (120 gold).
  2814 | D:4      | Bought a runed silver ring for 120 gold pieces
  2979 | D:4      | 2979 ||| UPGRADING to +5 ring of evasion.
  2980 | D:4      | 2980 ||| DRINKING 2 metallic orange potions.
  2981 | D:4      | 2981 ||| READING 2 scrolls of identify.
  2981 | D:4      | 2981 ||| IDENTIFYING black potion
  2982 | D:4      | 2982 ||| DROPPING potion of brilliance.
  2996 | D:5      | Entered Level 5 of the Dungeon
  2996 | D:5      | Found a glowing drain.
  2997 | D:5      | 2997 ||| PLANNING SEWER
  2997 | D:5      | 2997 ||| STAIRDANCE
  3001 | D:5      | 3001 ||| STAIRDANCE
  3006 | D:5      | 3006 ||| STAIRDANCE
  3013 | D:5      | 3013 ||| STAIRDANCE
  3029 | D:5      | 3029 ||| FLEEEEING.
  3030 | D:5      | 3030 ||| STAIRDANCE
  3054 | D:5      | 3054 ||| STAIRDANCE
  3066 | Sewer    | Entered a sewer
  3077 | Sewer    | Reached * piety under Okawaru
  3146 | Sewer    | 3146 ||| Stepping ~*~*~tactically~*~*~ (water).
  3294 | Sewer    | 3294 ||| Stepping ~*~*~tactically~*~*~ (water).
  3359 | Sewer    | 3359 ||| Stepping ~*~*~tactically~*~*~ (water).
  3382 | Sewer    | 3382 ||| Stepping ~*~*~tactically~*~*~ (water).
  3397 | Sewer    | Reached skill level 1 in Invocations
  3410 | Sewer    | 3410 ||| READING 3 scrolls labelled QOOFOA RINIMUUX.
  3411 | Sewer    | 3411 ||| READING scroll labelled HOALLO RALAWY.
  3412 | Sewer    | 3412 ||| DRINKING 3 bubbling brown potions.
  3412 | Sewer    | Gained mutation: You are dopey. (Int -2) [potion of
                  | mutation]
  3412 | Sewer    | Gained mutation: You have sharp toenails. [potion of
                  | mutation]
  3412 | Sewer    | Gained mutation: You have a pair of large horns on your
                  | head. [potion of mutation]
  3413 | Sewer    | 3413 ||| READING 2 scrolls of identify.
  3413 | Sewer    | 3413 ||| IDENTIFYING purple potion
  3414 | Sewer    | 3414 ||| DROPPING 2 scrolls of noise.
  3415 | Sewer    | 3415 ||| DROPPING potion of attraction.
  3452 | D:5      | 3452 ||| PLANNING D:1-11
  3533 | D:5      | Reached skill level 7 in Ranged Weapons
  3587 | D:5      | Found a runed translucent door.
  3588 | D:5      | Noticed Crazy Yiuf
  3679 | D:5      | Noticed Pikel
  3685 | D:5      | 3685 ||| FLEEEEING.
  3686 | D:5      | 3686 ||| FLEEEEING.
  3687 | D:5      | 3687 ||| FLEEEEING.
  3688 | D:5      | 3688 ||| FLEEEEING.
  3689 | D:5      | 3689 ||| FLEEEEING.
  3690 | D:5      | 3690 ||| FLEEEEING.
  3691 | D:5      | 3691 ||| FLEEEEING.
  3692 | D:5      | 3692 ||| FLEEEEING.
  3693 | D:5      | 3693 ||| FLEEEEING.
  3694 | D:5      | 3694 ||| FLEEEEING.
  3695 | D:5      | 3695 ||| FLEEEEING.
  3696 | D:5      | 3696 ||| FLEEEEING.
  3697 | D:5      | 3697 ||| FLEEEEING.
  3698 | D:5      | 3698 ||| FLEEEEING.
  3699 | D:5      | 3699 ||| FLEEEEING.
  3700 | D:5      | 3700 ||| FLEEEEING.
  3701 | D:5      | 3701 ||| FLEEEEING.
  3702 | D:5      | 3702 ||| FLEEEEING.
  3703 | D:5      | 3703 ||| FLEEEEING.
  3704 | D:5      | 3704 ||| FLEEEEING.
  3705 | D:5      | 3705 ||| FLEEEEING.
  3715 | D:5      | Killed Pikel
  3716 | D:5      | Reached skill level 9 in Ranged Weapons
  3716 | D:5      | Reached XP level 7. HP: 19/59 MP: 7/7
  3867 | D:5      | 3867 ||| FLEEEEING.
  3868 | D:5      | 3868 ||| FLEEEEING.
  3869 | D:5      | 3869 ||| FLEEEEING.
  3870 | D:5      | 3870 ||| FLEEEEING.
  3871 | D:5      | 3871 ||| FLEEEEING.
  3872 | D:5      | 3872 ||| FLEEEEING.
  3873 | D:5      | 3873 ||| FLEEEEING.
  3874 | D:5      | 3874 ||| FLEEEEING.
  3875 | D:5      | 3875 ||| FLEEEEING.
  3876 | D:5      | 3876 ||| FLEEEEING.
  3877 | D:5      | 3877 ||| FLEEEEING.
  3878 | D:5      | 3878 ||| FLEEEEING.
  3879 | D:5      | 3879 ||| FLEEEEING.
  3884 | D:5      | 3884 ||| FLEEEEING.
  3893 | D:5      | 3893 ||| STAIRDANCE
  3931 | D:4      | 3931 ||| DRINKING 3 murky amethyst potions.
  3932 | D:4      | 3932 ||| DRINKING 3 coppery potions.
  3963 | D:5      | Reached ** piety under Okawaru
  4379 | D:5      | 4379 ||| READING 2 scrolls of identify.
  4379 | D:5      | 4379 ||| IDENTIFYING fuming coppery potion
  4428 | D:6      | Found a white marble altar of Elyvilon.
  4486 | D:6      | Found Mimeq's Antique Armour Shop.
  4491 | D:6      | 4491 ||| SHOPLISTING pair of shimmering gloves (247 gold,
                  | have 174).
  4491 | D:6      | 4491 ||| BUYING ring mail (104 gold).
  4491 | D:6      | Bought a ring mail for 104 gold pieces
  4516 | D:6      | 4516 ||| INVOKING Heroism.
  4524 | D:6      | Reached XP level 8. HP: 59/67 MP: 5/8
  4593 | D:6      | Noticed a kobold demonologist
  4595 | D:6      | Noticed a kobold demonologist
  4602 | D:6      | Noticed an ice devil
  4605 | D:6      | 4605 ||| INVOKING Heroism.
  4606 | D:6      | Killed a kobold demonologist
  4607 | D:6      | Reached skill level 3 in Invocations
  4621 | D:6      | HP: 15/70 [scorpion (3)]
  4622 | D:6      | 4622 ||| DRINKING potion of heal wounds.
  4623 | D:6      | Noticed a red devil
  4623 | D:6      | 4623 ||| INVOKING Heroism.
  4624 | D:6      | Killed a kobold demonologist
  4625 | D:6      | Reached skill level 3 in Dodging
  4628 | D:6      | Reached skill level 6 in Fighting
  4629 | D:6      | 4629 ||| FLEEEEING.
  4827 | D:6      | 4827 ||| INVOKING Heroism.
  4874 | D:6      | Identified the +2 leather armour of Fuheen {rN+}
  4913 | D:6      | Found a transporter.
  4913 | D:6      | Noticed qw's ghost (novice NaHu)
  4935 | D:6      | Found a transporter.
  5212 | D:6      | 5212 ||| DROPPING scarf of harm.
  5213 | D:6      | 5213 ||| UPGRADING to +0 ring mail.
  5223 | D:6      | 5223 ||| DROPPING +0 leather armour.
  5224 | D:6      | 5224 ||| UPGRADING to +2 leather armour of Fuheen {rN+}.
  5234 | D:6      | 5234 ||| DROPPING +0 ring mail.
  5235 | D:6      | 5235 ||| UPGRADING to +6 ring of strength.
  5236 | D:6      | 5236 ||| READING 2 scrolls of identify.
  5236 | D:6      | 5236 ||| IDENTIFYING murky clear potion
  5435 | D:7      | 5435 ||| Stepping ~*~*~tactically~*~*~ (outnumbered).
  5486 | D:7      | Found an ancient bone altar of Kikubaaqudgha.
  5490 | D:7      | 5490 ||| SWAPPING to +0 shortbow of freezing.
  5491 | D:7      | 5491 ||| DROPPING +2 sling of freezing.
  5537 | D:7      | 5537 ||| DRINKING 2 potions of curing.
  5537 | D:7      | 5537 ||| (to cure confusion)
  5539 | D:7      | Reached XP level 9. HP: 68/75 MP: 11/11
  5552 | D:7      | Reached skill level 10 in Ranged Weapons
  5720 | D:7      | 5720 ||| INVOKING Heroism.
  5775 | D:7      | Found a runed translucent door.
  5775 | D:7      | Noticed qw's ghost (novice DEHu)
  5952 | D:7      | Found a sacrificial altar of Ru.
  6105 | D:8      | Found a staircase to the Lair.
  6125 | D:8      | 6125 ||| INVOKING Heroism.
  6127 | D:8      | 6127 ||| Stepping ~*~*~tactically~*~*~ (cloud).
  6140 | D:8      | 6140 ||| FLEEEEING.
  6142 | D:8      | 6142 ||| FLEEEEING.
  6143 | D:8      | 6143 ||| FLEEEEING.
  6146 | D:8      | 6146 ||| STAIRDANCE
  6316 | D:7      | 6316 ||| DROPPING ring of resist corrosion.
  6358 | D:8      | Noticed a centaur warrior
  6364 | D:8      | 6364 ||| INVOKING Heroism.
  6370 | D:8      | HP: 5/79 [something/ball of steam (22)]
  6371 | D:8      | Engulfed by a steam dragon's steam

Levels and vault maps discovered:
D:1:      lightli_arrival_farm, layout_rooms, shapermc_ecumenical_altar_venn
D:2:      layout_rooms
D:3:      layout_basic, mainiacjoe_overflow_24_doors
D:4:      layout_cave_pods, minmay_temple_entry_ruins, serial_shops,
          nicolae_lakefront_shop
D:5:      layout_loops_cross, portal_sewer_entry_a, uniq_crazy_yiuf_cottage,
          uniq_pikel
D:6:      layout_basic, nicolae_overflow_crystal_walls, serial_shops, shop,
          gammafunk_ghost_stat_death
D:7:      layout_basic, marbit_many_paths, mainiacjoe_overflow_boulevard,
          gammafunk_ghost_grave
D:8:      layout_cave_pools, lair_entry_dummy, serial_bayou_pond_c, uniq_maggie
Temple:   nicolae_temple_slightly_damp_pantheon

Skill      XL: |  1  2  3  4  5  6  7  8  9 |
---------------+----------------------------+-----
Ranged Weapons | 3 5 9 10 | 10.2
Fighting       | 2 3 4 6 7 |  7.2
Armour         | 1 2 |  2.7
Invocations    | 1 2 4 |  4.5
Dodging        | 3 4 |  4.3
Spellcasting   | |  1.0
Hexes          | |  2.0

Action                     |  1- 3 |  4- 6 |  7- 9 || total
---------------------------+-------+-------+-------++-------
   Fire: Sling             |   129 |   195 |   105 ||   429
         Shortbow          |       |       |    89 ||    89
 Invoke: Heroism           |       |       |     7 ||     7
    Use: Scroll            |     7 |     5 |     2 ||    14
         Potion            |       |     3 |     4 ||     7
 Armour: Robe              |     6 |       |       ||     6
         Leather armour    |     9 |    33 |    27 ||    69
  Dodge: Dodged            |    22 |    86 |    78 ||   186

Table legend:
 A = Non-vault XP
 B = Vault XP
 C = Vault XP percentage of total XP
 D = Non-vault monster count
 E = Vault monster count
 F = Vault count percentage of total count
                 A         B        C        D         E       F
            +---------+---------+-------+---------+---------+-------
      Total |    2890 |     754 |  20.7 |     107 |      29 |  21.3
            +---------+---------+-------+---------+---------+-------
        D:1 |      38 |       0 |   0.0 |      23 |       0 |   0.0
        D:2 |      19 |       0 |   0.0 |      11 |       0 |   0.0
        D:3 |      23 |       0 |   0.0 |       8 |       0 |   0.0
        D:4 |     421 |       7 |   1.6 |      25 |       6 |  19.4
        D:5 |     192 |     610 |  76.1 |       9 |       3 |  25.0
        D:6 |    1108 |       0 |   0.0 |      15 |       0 |   0.0
        D:7 |     683 |      45 |   6.2 |      13 |       1 |   7.1
        D:8 |     406 |       0 |   0.0 |       3 |       0 |   0.0
      Sewer |       0 |      92 | 100.0 |       0 |      19 | 100.0
            +---------+---------+-------+---------+---------+-------
